 Dungeon Crawl Stone Soup version 0.26.1-11-gd32895ea62 (webtiles) character file.

Game seed: 18217263601714437317

237 Descartes the Ducker (level 5, -4/24 HPs)
             Began as a Felid Transmuter on July 22, 2021.
             Was a Follower of Elyvilon.
             Killed from afar by an orc wizard (8 damage)
             ... with a magic dart
             ... on level 4 of the Dungeon.
             The game lasted 00:08:01 (6219 turns).

Descartes the Ducker (Felid Transmuter)             Turns: 6219, Time: 00:08:02

Health: -4/24      AC:  1    Str:  7    XL:     5   Next: 77%
Magic:  6/9        EV: 24    Int: 14    God:    Elyvilon [*.....]
Gold:   131        SH:  0    Dex: 17    Spells: 2/8 levels left
                                        Lives:  0   Deaths: 1

rFire    . . .     SeeInvis +     - Unarmed
rCold    . . .     Faith    .   (shield unavailable)
rNeg     . . .     Spirit   .   (armour unavailable)
rPois    .         Reflect  .   (helmet unavailable)
rElec    .         Harm     .   (cloak unavailable)
rCorr    .         Rampage  .   (gloves unavailable)
Will     .....                  (boots unavailable)
Stlth    +++.......             (no amulet)
HPRegen  0.08/turn              i - +4 ring of evasion
MPRegen  0.11/turn              (no ring)

@: slowed, slow
A: very small, no armour, no weapons or thrown items, stealth, claws 1, fangs 3,
see invisible, speed 1, shaggy fur 1, sharp paws
a: Renounce Religion, Lesser Healing, Divine Protection


You were on level 4 of the Dungeon.
You worshipped Elyvilon.
Elyvilon was aware of your devotion.
You visited 2 branches of the dungeon, and saw 5 of its levels.

You collected 131 gold pieces.

Inventory:

Missiles
 g - 150 stones
Jewellery
 i - a +4 ring of evasion (left paw)
 n - an uncursed amulet of reflection {unknown}
Scrolls
 a - a scroll of blinking
 c - 4 scrolls of remove curse {unknown}
 d - 2 scrolls of identify
 f - a scroll of noise {unknown}
 h - 4 scrolls of fear {unknown}
 j - a scroll of enchant armour
 k - a scroll of fog
 l - a scroll of immolation {unknown}
 m - a scroll of magic mapping {unknown}
Potions
 b - 3 potions of curing
 e - a potion of magic


   Skills:
 + Level 2.9 Fighting
 + Level 4.5 Dodging
 + Level 3.7 Stealth
 + Level 4.0 Unarmed Combat
 - Level 2.0 Spellcasting
 + Level 3.6 Transmutations


You had 2 spell levels left.
You knew the following spells:

 Your Spells              Type           Power        Failure   Level
a - Beastly Appendage     Tmut           22%          5%          1
b - Blade Hands           Tmut           5%           82%         5

Your spell library contained the following spells:

 Spells                   Type           Power        Failure   Level
 Wereblood                Tmut           11%          8%          2
 Spider Form              Tmut/Pois      3%           32%         3
 Ice Form                 Ice/Tmut       6%           73%         4


Dungeon Overview and Level Annotations

Branches:
Dungeon (4/15)             Temple (1/1) D:4

Altars:
Ashenzari
Cheibriados
Elyvilon
Fedhas
Hepliaklqana
Kikubaaqudgha
Makhleb
Nemelex Xobeh
Okawaru
Ru
Sif Muna
Trog
Vehumet
Wu Jian
Xom
Yredelemnul
Zin
The Shining One

Shops:
D:4 }


Innate Abilities, Weirdness & Mutations

You cannot wear armour.
You are incapable of wielding weapons or throwing items.
Your paws allow you to move quietly. (Stealth)
You have sharp claws.
You have razor-sharp teeth.
You have supernaturally acute eyesight. (SInv)
You cover ground quickly.
You are covered in fur. (AC +1)
Your sharp claws are effective at attacking unaware monsters.


Message History

The orc wizard is moderately wounded.
The orc wizard gestures wildly while chanting.
The orc wizard blinks!
You scratch the orc wizard.
You bite the orc wizard, but do no damage.
The orc wizard is moderately wounded.
The orc wizard closely misses you.
You closely miss the orc wizard.
The orc wizard is moderately wounded.
The orc wizard points at you and mumbles some strange words.
You feel yourself slow down.
The orc wizard mumbles some strange words.
The orc wizard blinks!
Your magical contamination has completely faded away.
The orc wizard casts a spell at you. The magic dart hits you!
* * * LOW HITPOINT WARNING * * *
The orc wizard casts a spell at you. The magic dart hits you!
You die...

#. .## ....# #$.. ..#.....#
#.##.##.#.... #.##......# ..#
###.### #.###..(..# #.......###
#o......### ## ### #@#####...#
#. ..# ### ##.# #.#.####### #.
#.###.###..#####.........#
.####.##...##..............#.#
#. .........#.8.8.8..##...##.#
#.###.##...##..⌠.⌠...###.###.##
###...∩.....###.8)>)8.##
#####.#.
........##).##...⌠.⌠..# #....
..#..#..........8.8.8.####
#.##.


You could see an orc wizard (fast).

Vanquished Creatures
  A hound (D:2)
  2 orc wizards (D:3)
  3 worker ants (D:4)
  A hound skeleton (D:4)
  5 adders
  A gnoll (D:2)
  2 worms (D:2)
  A dart slug (D:2)
  4 leopard geckos
  5 orcs
  A ball python (D:2)
  2 giant cockroaches
  5 goblins
  6 hobgoblins
  5 jackals
  12 bats
  5 frilled lizards
  10 kobolds
  A leopard gecko skeleton (D:4)
  A quokka zombie (D:3)
  6 rats
79 creatures vanquished.

Notes
Turn   | Place    | Note
-------+----------+-------------------------------------------
     0 | D:1      | Descartes the Felid Transmuter began the quest for the Orb.
     0 | D:1      | Reached XP level 1. HP: 9/9 MP: 4/4
   316 | D:1      | Reached XP level 2. HP: 12/12 MP: 4/6
   320 | D:1      | Reached skill level 1 in Stealth
  1318 | D:2      | Reached XP level 3. HP: 9/15 MP: 5/7
  1724 | D:2      | Reached XP level 4. HP: 11/19 MP: 6/8
  2590 | D:2      | Found a shimmering altar of Xom.
  2595 | D:2      | Found a radiant altar of Vehumet.
  2603 | D:2      | Found a glowing golden altar of the Shining One.
  2626 | D:2      | Found a sacrificial altar of Ru.
  2637 | D:2      | Found a white marble altar of Elyvilon.
  2644 | D:2      | Found a broken altar of Ashenzari.
  2650 | D:2      | Found a hazy altar of Hepliaklqana.
  3089 | D:2      | Became a worshipper of Elyvilon the Healer
  3287 | D:3      | Reached XP level 5. HP: 22/22 MP: 9/9
  3304 | D:3      | HP: 1/22 [orc wizard/magic dart (6)]
  3305 | D:3      | Slain by an orc wizard
  3306 | D:3      | Reached XP level 4. HP: -1/19 MP: 8/8
  4011 | D:3      | Found an ornate altar of the Wu Jian Council.
  4242 | D:3      | Reached XP level 5. HP: 21/23 MP: 9/9
  4276 | D:3      | Found a shimmering blue altar of Sif Muna.
  4390 | D:4      | Found a staircase to the Ecumenical Temple.
  4667 | D:4      | Found Uvalar's Gadget Emporium.
  4679 | D:4      | Reached * piety under Elyvilon
  4682 | Temple   | Entered the Ecumenical Temple
  5033 | D:4      | Learned a level 5 spell: Blade Hands
  6219 | D:4      | Killed from afar by an orc wizard

Illustrated notes

Levels and vault maps discovered:
D:1:      dpeg_arrival_brainrot, layout_rooms
D:2:      layout_basic, grunt_temple_overflow_octagram, cheibrodos_gnoll_hut
D:3:      layout_loops_ring, nzn_wu_jian_contemplation, led_sif_book
D:4:      layout_loops_cross, minmay_temple_entry_statues_fountains,
          serial_shops, shop, nicolae_tso_carved_into_rock
Temple:   compressed_dpeg_triangle_lava_temple

Skill      XL: |  1  2  3  4  5 |
---------------+----------------+-----
Dodging        | 3 4 |  4.5
Stealth        | 1 2 3 |  3.7
Fighting       | 2 |  2.9
Transmutations | 3 |  3.6
Unarmed Combat | 4 |  4.0
Spellcasting   | |  2.0

Action                   |  1- 3 |  4- 6 || total
-------------------------+-------+-------++-------
Melee: Unarmed           |    73 |   190 ||   263
       Headbutt          |    10 |    16 ||    26
       Bite              |     5 |    22 ||    27
       Punch             |       |     2 ||     2
 Cast: Beastly Appendage |    20 |    42 ||    62
       Blade Hands       |       |     1 ||     1
  Use: Scroll            |       |     5 ||     5
 Stab: Sleeping          |     3 |     9 ||    12
Armor: Skin              |     8 |    10 ||    18
Dodge: Dodged            |    67 |   156 ||   223
